 Dungeon Crawl Stone Soup version 0.20-a0-266-gdedccd6 (webtiles) character file.

177 Nvm9 the Skirmisher (level 5, 0/42 HPs)
             Began as a Demonspawn Fighter on Dec 6, 2016.
             Killed from afar by an orc wizard (3 damage)
             ... with a magic dart
             ... on level 4 of the Dungeon.
             The game lasted 00:04:15 (2935 turns).

Nvm9 the Skirmisher (Demonspawn Fighter)            Turns: 2935, Time: 00:04:17

Health: 0/42       AC:  7    Str: 16 (18) XL:     5   Next: 31%
Magic:  5/5        EV:  7    Int: 11      God:
Gold:   232        SH:  8    Dex:  9 (12) Spells: 4/4 levels left

rFire  + . .     SeeInvis .     a - +0 war axe
rCold  + + .     Gourm    .     b - +0 scale mail
rNeg   . . .     Faith    .     c - +0 shield
rPois  +         Spirit   .     (helmet restricted)
rElec  .         Reflect  .     u - +0 cloak {rPois}
rCorr  .         Harm     .     (no gloves)
MR     .....                    (no boots)
Stlth  ..........               (no amulet)
                                (no ring)
                                (no ring)

@: no status effects
A: hooves 2, horns 2, thin metallic scales 1, clever 1, cold resistance 2,
deformed body, deterioration 1, fire resistance 1, subdued magic 1
a: no special abilities


You were on level 4 of the Dungeon.
You were hungry.

You visited 2 branches of the dungeon, and saw 5 of its levels.

You collected 232 gold pieces.

Inventory:

Hand Weapons
 a - a +0 war axe (weapon)
Armour
 b - a +0 scale mail (worn)
 c - a +0 shield (worn)
 l - a +0 plate armour
 u - a +0 cloak of poison resistance (worn)
Jewellery
 k - an uncursed ring of ice {unknown}
Scrolls
 e - 2 scrolls of remove curse {unknown}
 h - 6 scrolls of identify {unknown}
 j - 4 scrolls of enchant weapon {unknown}
 o - a scroll of fog {unknown}
 t - a scroll of immolation {unknown}
 v - 2 scrolls of recharging {unknown}
Potions
 d - a potion of might
 i - 2 potions of curing
 n - 2 potions of magic {unknown}
 p - 2 potions of heal wounds
Comestibles
 f - a bread ration
 g - 4 fruits
 m - a meat ration
 r - a slice of pizza
 s - a royal jelly


   Skills:
 + Level 3.8 Fighting
 + Level 2.6 Axes
 * Level 3.8 Armour
 + Level 3.3 Shields
 + Level 1.2 Unarmed Combat


You had 4 spell levels left.
You didn't know any spells.

Dungeon Overview and Level Annotations

Branches:
Dungeon (4/15)             Temple (1/1) D:4

Altars:
Ashenzari
Dithmenos
Elyvilon
Gozag
Kikubaaqudgha
Makhleb
Okawaru
Ru
Trog
Vehumet
Xom
Yredelemnul
Zin
The Shining One


Innate Abilities, Weirdness & Mutations

You have a pair of horns on your head.
You are partially covered in thin metallic scales. (AC +2)
You have hoof-like feet.
Your mind is acute. (Int +2)
Your flesh is very cold resistant. (rC++)
Armour fits poorly on your strangely shaped body.
Your body sometimes deteriorates upon taking damage.
Your flesh is heat resistant. (rF+)
Your spells are a little easier to cast, but a little less powerful.


Message History

The orc wizard is almost dead.
The orc wizard gestures at you while chanting.
The magic dart hits you!
* * * LOW HITPOINT WARNING * * *
The orc wizard points at you and mumbles some strange words.
The puff of flame misses you.
You barely miss the orc wizard. Your headbutt misses the orc wizard.
The orc wizard is almost dead.
The orc wizard hits you with a dagger.
* * * LOW HITPOINT WARNING * * *
The orc wizard casts a cantrip, but nothing happens.
The orc wizard completely misses you.
You barely miss the orc wizard.
You kick the orc wizard, but do no damage.
The orc wizard is almost dead.
The orc wizard casts a spell at you. You block the puff of flame.
The orc wizard casts a spell at you. The magic dart hits you!
You die...

#.. #.# ..
#..# #.# ..
.#... ... .
...#.##.#.#
...>..#.
#..... #%.))#
#.#o@#
#.#.#..#
#......#
#####..# #.
#.(####### #..
#....[.... #..
#.########
####..#####.#
..........##.#


You could see an orc wizard.

Vanquished Creatures
  Crazy Yiuf (D:2)
  Ijyb (D:2)
  5 adders
  2 oozes
  6 worms
  A dart slug (D:1)
  2 leopard geckos (D:3)
  4 orcs
  4 giant cockroaches
  5 goblins
  4 hobgoblins
  4 jackals (D:2)
  2 ball pythons
  4 bats
  A frilled lizard (D:1)
  2 kobolds (D:2)
  A quokka skeleton (D:4)
  3 rats
52 creatures vanquished.

Notes
Turn   | Place    | Note
-------+----------+-------------------------------------------
     0 | D:1      | Nvm9 the Demonspawn Fighter began the quest for the Orb.
     0 | D:1      | Reached XP level 1. HP: 18/18 MP: 1/1
   140 | D:1      | Gained mutation: You have a pair of small horns on your head. [demonic ancestry]
   140 | D:1      | Reached XP level 2. HP: 20/24 MP: 2/2
   615 | D:2      | Noticed Ijyb
   653 | D:2      | Killed Ijyb
   653 | D:2      | Gained mutation: You are partially covered in thin metallic scales. (AC +2) [demonic ancestry]
   653 | D:2      | Reached XP level 3. HP: 15/29 MP: 3/3
   822 | D:2      | Found a shimmering altar of Xom.
  1061 | D:2      | Reached skill level 1 in Unarmed Combat
  1197 | D:2      | Found an ancient bone altar of Kikubaaqudgha.
  1323 | D:2      | Reached XP level 4. HP: 24/35 MP: 4/4
  1678 | D:2      | Found a runed door.
  1925 | D:2      | Noticed Crazy Yiuf
  1932 | D:2      | Killed Crazy Yiuf
  2103 | D:3      | Gained mutation: You are agile. (Dex +2) [potion of mutation]
  2103 | D:3      | Gained mutation: You are dopey. (Int -2) [potion of mutation]
  2103 | D:3      | Gained mutation: Armour fits poorly on your strangely shaped body. [potion of mutation]
  2104 | D:3      | Gained mutation: You have large cloven feet. [potion of mutation]
  2104 | D:3      | Gained mutation: You have hoof-like feet. [potion of mutation]
  2104 | D:3      | Gained mutation: Your flesh is heat resistant. (rF+) [potion of mutation]
  2105 | D:3      | Gained mutation: Your spells are a little easier to cast, but a little less powerful. [potion of mutation]
  2105 | D:3      | Gained mutation: Your body sometimes deteriorates upon taking damage. [potion of mutation]
  2106 | D:3      | Gained mutation: Your flesh is cold resistant. (rC+) [potion of mutation]
  2106 | D:3      | Lost mutation: You are dopey. (Int -2) [potion of mutation]
  2167 | D:3      | Gained mutation: You have a pair of horns on your head. [demonic ancestry]
  2167 | D:3      | Reached XP level 5. HP: 32/41 MP: 5/5
  2735 | D:3      | Gained mutation: Your flesh is very cold resistant. (rC++) [potion of mutation]
  2735 | D:3      | Lost mutation: You are agile. (Dex +2) [potion of mutation]
  2735 | D:3      | Gained mutation: Your mind is acute. (Int +2) [potion of mutation]
  2810 | D:3      | You fall through a shaft!
  2810 | D:4      | Found a staircase to the Ecumenical Temple.
  2824 | Temple   | Entered the Ecumenical Temple
  2934 | D:4      | HP: 2/42 [orc wizard/dagger (4)]
  2935 | D:4      | Killed from afar by an orc wizard

Vault maps used:
D:1:      minmay_arrival_semitransparent
D:2:      xom_teletrap_fun, nicolae_overflow_crystal_walls,
          uniq_crazy_yiuf_cottage, uniq_iyjb
D:3:      hangedman_feature_mirror, feat_on_display
D:4:      kennysheep_six_static_rooms, uniq_edmund
Temple:   chequers_temple_sunken

Skill      XL: |  1  2  3 |
---------------+----------+-----
Axes           | 2 |  2.6
Shields        | 3 |  3.3
Armour         | 3 |  3.8
Unarmed Combat | 1 |  1.2
Fighting       | |  3.8

Action                   |  1- 3 |  4- 6 || total
-------------------------+-------+-------++-------
Melee: War axe           |    90 |   118 ||   208
       Headbutt          |    10 |    10 ||    20
       Kick              |       |    22 ||    22
  Use: Potion            |       |    10 ||    10
  Eat: Chunk             |     1 |     5 ||     6
Armor: Scale mail        |    39 |    53 ||    92
Dodge: Dodged            |    25 |    35 ||    60
Block: Shield            |    54 |    69 ||   123
